 Dungeon Crawl Stone Soup version 0.21.1-1-g345015fe64 (webtiles) character file.

1749 Allirion the Cudgeler (level 8, 0/74 HPs)
             Began as a Minotaur Berserker on July 9, 2018.
             Was a Believer of Trog.
             Slain by an orc
             ... wielding a +0 trident
              (2 damage)
             ... on level 7 of the Dungeon.
             The game lasted 00:26:41 (6557 turns).

Allirion the Cudgeler (Minotaur Berserker)          Turns: 6557, Time: 00:26:42

Health: 0/74       AC: 14    Str: 23    XL:     8   Next: 78%
Magic:  7/7        EV: 10    Int:  4    God:    Trog [**....]
Gold:   214        SH:  0    Dex: 15    Spells: 7/7 levels left

rFire    . . .     SeeInvis .   x - -1 shortbow (curse)
rCold    . . .     Gourm    .   (shield currently unavailable)
rNeg     . . .     Faith    .   j - +0 plate armour
rPois    .         Spirit   .   q - +1 hat
rElec    .         Reflect  .   (no cloak)
rCorr    .         Harm     .   (no gloves)
MR       .....     Rnd*Tele +   (no boots)
Stlth    ..........             l - amulet of magic regeneration
HPRegen  0.22/turn              h - ring of teleportation (curse)
MPRegen  0.35/turn              r - +4 ring of dexterity

@: no status effects
A: retaliatory headbutt, horns 2
a: Berserk, Trog's Hand, Burn Spellbooks, Renounce Religion


You were on level 7 of the Dungeon.
You worshipped Trog.
Trog was pleased with you.
You were not hungry.

You visited 2 branches of the dungeon, and saw 8 of its levels.

You collected 316 gold pieces.
You spent 102 gold pieces at shops.

Inventory:

Hand Weapons
 a - a +4 hand axe of electrocution
 b - a +0 hunting sling
 t - a +0 mace
 x - a cursed -1 shortbow (weapon)
Missiles
 p - 123 stones
 E - 39 arrows (quivered)
Armour
 j - a +0 plate armour (worn)
 q - a +1 hat (worn)
Jewellery
 h - a cursed ring of teleportation (left hand)
 l - an amulet of magic regeneration (around neck)
 r - a +4 ring of dexterity (right hand)
 u - an uncursed ring of magical power {unknown}
 v - a cursed ring of loudness {unknown}
Wands
 F - a wand of disintegration (5)
Scrolls
 e - 7 scrolls of identify
 k - a scroll of amnesia
 m - 4 scrolls of enchant weapon
 o - 2 scrolls of teleportation
 y - a scroll of magic mapping {unknown}
 B - 4 scrolls of remove curse {unknown}
 C - a scroll of silence {unknown}
 D - a scroll of acquirement {unknown}
Potions
 d - 2 potions of lignification {unknown}
 g - 4 potions of haste {unknown}
 i - 5 potions of curing
 n - a potion of invisibility {unknown}
 s - a potion of degeneration {unknown}
 w - a potion of heal wounds {unknown}
 z - a potion of agility {unknown}
 A - a potion of flight {unknown}
Comestibles
 c - 8 rations
 f - 6 chunks of flesh


   Skills:
 + Level 7.7 Fighting
 + Level 7.8 Maces & Flails
 + Level 7.1 Armour
 + Level 6.4 Dodging


You had 7 spell levels left.
You didn't know any spells.

Dungeon Overview and Level Annotations

Branches:
Dungeon (7/15)             Temple (1/1) D:6

Altars:
Ashenzari
Cheibriados
Dithmenos
Elyvilon
Fedhas
Hepliaklqana
Kikubaaqudgha
Makhleb
Nemelex Xobeh
Okawaru
Ru
Sif Muna
Trog
Uskayaw
Vehumet
Wu Jian
Xom
Yredelemnul
Zin
The Shining One

Shops:
D:5 *


Innate Abilities, Weirdness & Mutations

You reflexively headbutt those who attack you in melee.
You have a pair of horns on your head.


Message History

Press: ? - help, Shift-Dir - straight line, f - orc
Aim: an orc, wielding a trident You shoot an arrow.
The arrow hits the orc.
The orc is moderately wounded.
The orc barely misses you.
Firing (i - inventory. (,) - cycle):
E - 41 arrows (quivered)
Press: ? - help, Shift-Dir - straight line, f/p - orc
Aim: an orc, wielding a trident (moderately wounded)
You shoot an arrow. The arrow closely misses the orc.
The orc misses you.
Firing (i - inventory. (,) - cycle):
E - 40 arrows (quivered)
Press: ? - help, Shift-Dir - straight line, f/p - orc
Aim: an orc, wielding a trident (moderately wounded)
You shoot an arrow. The arrow barely misses the orc.
The orc hits you but does no damage. The orc completely misses you.
Things that are here:
a trident; a plate armour You closely miss the orc.
The orc is moderately wounded.
The orc closely misses you. The orc hits you with a trident.
You die...

######### #(!..((.#
#.....(.# ###$......#
#.#.......#
#.@o......#
#.#)......#
#.#.......#########
##>................#
.%..(........#######.#
##.#(#.......# #......
# #(#.....(.# #......
#.######### #..>...
#.# #......


You could see an orc.

Vanquished Creatures
  A sky beast (D:5)
  An orc warrior (D:7)
  2 ice beasts
  A phantom (D:4)
  2 ogres
  3 centaurs
  2 bullfrogs (D:6)
  A scorpion (D:6)
  2 crimson imps
  A quasit (D:5)
  2 orc priests (D:5)
  A hound (D:4)
  A jelly (D:7)
  An orc wizard (D:5)
  2 centaur skeletons
  2 iguanas
  Terence (D:3)
  4 worker ants
  A hound zombie (D:7)
  A howler monkey zombie (D:6)
  A gnoll (D:2)
  7 adders
  A shadow imp (D:3)
  An ooze (D:2)
  2 adder skeletons (D:4)
  2 worms
  3 dart slugs (D:1)
  2 leopard geckos
  21 orcs
  A ball python (D:3)
  6 bats
  2 giant cockroaches
  10 goblins
  4 hobgoblins
  9 jackals
  4 kobolds
  A quokka (D:4)
  3 frilled lizards
  2 quokka skeletons
  7 rats
121 creatures vanquished.

Notes
Turn   | Place    | Note
-------+----------+-------------------------------------------
     0 | D:1      | Allirion the Minotaur Berserker began the quest for the Orb.
     0 | D:1      | Reached XP level 1. HP: 19/19 MP: 0/0
   168 | D:1      | Reached XP level 2. HP: 27/27 MP: 1/1
   878 | D:2      | Reached XP level 3. HP: 33/33 MP: 2/2
  1347 | D:2      | Found a sparkling altar of Nemelex Xobeh.
  1349 | D:2      | Reached ** piety under Trog
  1354 | D:2      | Reached XP level 4. HP: 41/41 MP: 3/3
  2150 | D:3      | Noticed Terence
  2160 | D:3      | Killed Terence
  2160 | D:3      | Reached XP level 5. HP: 47/47 MP: 4/4
  2495 | D:3      | Found a burning altar of Makhleb.
  2495 | D:3      | Noticed a balrug
  2734 | D:4      | Reached skill level 5 in Fighting
  2734 | D:4      | Reached skill level 5 in Maces & Flails
  2780 | D:4      | Noticed a phantom
  2825 | D:4      | Killed a phantom
  2825 | D:4      | Reached XP level 6. HP: 56/56 MP: 5/5
  3170 | D:4      | Reached XP level 7. HP: 45/62 MP: 6/6
  3252 | D:4      | Found a shimmering altar of Xom.
  3620 | D:5      | Entered Level 5 of the Dungeon
  3636 | D:4      | Reached skill level 5 in Armour
  3880 | D:5      | Reached skill level 5 in Dodging
  3958 | D:5      | Found a radiant altar of Vehumet.
  4236 | D:5      | Found Sukuh's Assorted Antiques.
  4244 | D:5      | Bought a scroll labeled ARILEBLEGU for 34 gold pieces
  4244 | D:5      | Bought a scroll labeled FIKUJI QATTYO for 34 gold pieces
  4244 | D:5      | Bought a scroll labeled EMOASICASO for 34 gold pieces
  4533 | D:5      | Found a glowing silver altar of Zin.
  4549 | D:5      | Reached XP level 8. HP: 71/71 MP: 7/7
  4644 | D:5      | Found a basalt altar of Yredelemnul.
  4655 | D:5      | Found a glowing silver altar of Zin.
  4666 | D:5      | Found an ornate altar of the Wu Jian Council.
  4713 | D:6      | Found a staircase to the Ecumenical Temple.
  4719 | Temple   | Entered the Ecumenical Temple
  6551 | D:7      | HP: 3/73 [orc/trident (1)]
  6552 | D:7      | HP: 1/74 [orc/trident (3)]
  6557 | D:7      | Slain by an orc

Skill      XL: |  1  2  3  4  5  6  7  8 |
---------------+-------------------------+-----
Maces & Flails | 4 5 6 7 |  7.8
Fighting       | 4 5 6 7 |  7.7
Armour         | 3 4 5 7 |  7.1
Dodging        | 3 4 5 6 |  6.4

Action                   |  1- 3 |  4- 6 |  7- 9 || total
-------------------------+-------+-------+-------++-------
Melee: Mace              |    66 |    68 |       ||   134
       Headbutt          |    12 |    14 |    15 ||    41
       Hand axe          |       |    43 |       ||    43
       Shortbow          |       |       |    60 ||    60
 Fire: Shortbow          |       |       |   208 ||   208
Throw: Stone             |       |    13 |    36 ||    49
Invok: Berserk           |       |     2 |     1 ||     3
       Trog's Hand       |       |       |     2 ||     2
  Use: Scroll            |       |     6 |     3 ||     9
  Eat: Chunk             |     1 |     8 |     9 ||    18
       Ration            |       |       |     1 ||     1
Armor: Animal skin       |     2 |       |       ||     2
       Plate armour      |    34 |    75 |   185 ||   294
Dodge: Dodged            |    44 |    49 |   136 ||   229
